 Dungeon Crawl Stone Soup version 0.23-a0-358-g98c7a59 (webtiles) character file.

18 Cryolive the Digger (level 2, 0/15 HPs)
             Began as a Gargoyle Earth Elementalist on Oct 22, 2018.
             Killed from afar by a dart slug (6 damage)
             ... with a slug dart
             ... on level 1 of the Dungeon.
             The game lasted 00:01:21 (425 turns).

Cryolive the Digger (Gargoyle Earth Elementalist)    Turns: 425, Time: 00:01:21

Health: 0/15       AC:  4    Str: 11    XL:     2   Next: 66%
Magic:  5/5        EV: 12    Int: 15    God:
Gold:   28         SH:  0    Dex: 10    Spells: 5/6 levels left

rFire    . . .     SeeInvis .   e - +0 dagger
rCold    . . .     Gourm    .   (no shield)
rNeg     + . .     Faith    .   c - +0 robe
rPois    ∞         Spirit   .   (no helmet)
rElec    +         Reflect  .   (no cloak)
rCorr    .         Harm     .   (no gloves)
MR       .....                  (no boots)
Stlth    ++........             (no amulet)
HPRegen  0.05/turn              (no ring)
MPRegen  0.09/turn              (no ring)

@: no status effects
A: negative energy resistance 1, electricity resistance, unbreathing,
petrification resistance, rot immunity, AC +2
a: no special abilities


You were on level 1 of the Dungeon.
You were not hungry.

You visited 1 branch of the dungeon, and saw 1 of its levels.

You collected 28 gold pieces.

Inventory:

Hand Weapons
 e - a +0 dagger (weapon)
Missiles
 b - 50 stones (quivered)
Armour
 c - a +0 robe (worn)
Scrolls
 a - a scroll of remove curse {unknown}
 f - 3 scrolls of identify {unknown}
 g - a scroll of enchant weapon {unknown}
 j - a scroll of immolation {unknown}
Potions
 h - a potion of haste {unknown}
 i - a potion of curing {unknown}
Comestibles
 d - 2 rations


   Skills:
 - Level 1.5 Dodging
 - Level 2.1 Stealth
 + Level 2.5 Spellcasting
   Level 0.7 Transmutations
 + Level 4.2 Earth Magic


You had 5 spell levels left.
You knew the following spells:

 Your Spells              Type           Power        Failure   Level  Hunger
a - Sandblast             Erth           ##....       3%          1    #......

Your spell library contained the following spells:

 Spells                   Type           Power        Failure   Level  Hunger
 Passwall                 Tmut/Erth      #.......     12%         2    ###....
 Stone Arrow              Conj/Erth      #.....       26%         3    ###....
 Petrify                  Tmut/Erth      #.......     58%         4    #####..
 Lee's Rapid Deconstruct  Erth           ##........   71%         5    ######.


Dungeon Overview and Level Annotations

Branches:
Dungeon (1/15)

Altars:


Innate Abilities, Weirdness & Mutations

You are resistant to torment.
Your stone body is resilient. (AC +2)
You are immune to poison.
You resist negative energy. (rN+)
You are resistant to electric shocks. (rElec)
You can survive without breathing.
You are immune to petrification.
You are immune to rotting.


Message History

Ye closely miss tha kobold.
Tha kobold barely misses ye.
Ye barely miss tha kobold.
Tha kobold hits ye wit' a +0 dagger.
* * * LOW HITPOINT WARNIN'
* * * Ye hit tha kobold.
Ye kill tha kobold!
Thin's tha be 'ere: a +0 dagger; a kobold corpse Ye op'n tha door.
Thar be an op'n door 'ere.
Ye op'n tha door.
Found a hand axe.
Thar be an op'n door 'ere.
A bat comes inta view.
Ye hit tha bat.
Ye kill tha bat!
Ye see 'ere a bat corpse.
A dart slug comes inta view.
Tha dart slug launches a dart at ye.
Tha slug dart hits ye!
Ye die...

##.....##
#......
##...##
#.###.[ ##'##
#. #..
##.#######
#...
####†.......#
#..#
#.....#####.#
... #.......#
##.#
#....)..# #.
##@#.......
..
#..!#..#####
.w...#.....
###### .#.###
.#.# ## ## #.
#. #. #.


You could see a dart slug.

Vanquished Creatures
  An ooze (D:1)
  A dart slug (D:1)
  A ball python (D:1)
  A bat (D:1)
  2 giant cockroaches (D:1)
  2 goblins (D:1)
  A kobold (D:1)
  2 rats (D:1)
11 creatures vanquished.

Notes
Turn   | Place    | Note
-------+----------+-------------------------------------------
     0 | D:1      | Cryolive the Gargoyle Earth Elementalist began the quest
                  | for the Orb.
     0 | D:1      | Reached XP level 1. HP: 10/10 MP: 3/3
    58 | D:1      | Reached skill level 4 in Earth Magic
    58 | D:1      | Reached XP level 2. HP: 7/15 MP: 5/5
   425 | D:1      | Killed from afar by a dart slug

Vault maps used:
D:1:      onia_arrival_handbag, minmay_cut_off

Skill      XL: |  1 |
---------------+----+-----
Earth Magic    | 4 |  4.2
Dodging        | |  1.5
Stealth        | |  2.1
Spellcasting   | |  2.5
Transmutations | |  0.7

Action                   || total
-------------------------++-------
Melee: Unarmed           ||    12
       Dagger            ||    47
 Stab: Sleeping          ||     1
Armor: Robe              ||    11
Dodge: Dodged            ||    38

Table legend:
 A = Non-vault XP
 B = Vault XP
 C = Vault XP percentage of total XP
 D = Non-vault monster count
 E = Vault monster count
 F = Vault count percentage of total count
                 A         B        C        D         E       F
            +---------+---------+-------+---------+---------+-------
      Total |      15 |      11 |  42.3 |       7 |       4 |  36.4
            +---------+---------+-------+---------+---------+-------
        D:1 |      15 |      11 |  42.3 |       7 |       4 |  36.4
            +---------+---------+-------+---------+---------+-------
